 Dungeon Crawl Stone Soup version 0.31-a0-150-g89dc3ad700 (webtiles) character file.

Game seed: 17662277414896156057

60064 iguanaiguana the Spry (level 14, -2/73 HPs)
             Began as a Spriggan Delver on June 8, 2023.
             Was a High Priest of Wu Jian.
             Slain by Saint Roka
             ... wielding a +3 great sword
              (36 damage)
             ... on level 2 of the Orcish Mines.
             The game lasted 01:35:24 (19841 turns).

iguanaiguana the Spry (Spriggan Delver)            Turns: 19841, Time: 01:35:25

Health: -2/73      AC:  9    Str:  8    XL:     14   Next: 55%
Magic:  16/21      EV: 45    Int: 18    God:    Wu Jian [*****.]
Gold:   1025       SH: 13    Dex: 21    Spells: 6/21 levels left

rFire   . . .        a - +5 rapier (freeze)
rCold   . . .        W - +2 buckler
rNeg    . . .        G - +0 robe {Will+}
rPois   .            i - +0 hat
rElec   .            A - +2 cloak
rCorr   .            (gloves unavailable)
SInv    +            (boots unavailable)
Will    +++..        p - amulet of reflection
Stlth   +++          q - +4 ring of protection
HPRegen 0.32/turn    J - +6 ring of intelligence
MPRegen 0.17/turn

%: reflection
@: mighty, in a heavenly storm, hasted, glowing, very quick
A: very small, no large weapons, unfitting armour, see invisible, speed 3
a: Renounce Religion, Wall Jump, Serpent's Lash, Heavenly Storm


You were on level 2 of the Orcish Mines.
You worshipped Wu Jian.
Wu Jian was extremely pleased with you.
You visited 3 branches of the dungeon, and saw 19 of its levels.
You also visited: Bailey.

You collected 1360 gold pieces.
You spent 335 gold pieces at shops.

Inventory:

Hand Weapons
 a - a +5 rapier of freezing (weapon)
 b - a +0 rapier of venom
 l - a +1 orcbow of draining
Missiles
 E - 14 poisoned darts
 K - a throwing net
 T - 4 boomerangs (quivered)
Armour
 i - a +0 hat (worn)
 A - a +2 cloak (worn)
 C - a +1 troll leather armour
 G - a +0 robe of willpower (worn)
 W - a +2 buckler (worn)
Magical Staves
 t - the staff of poison "Issizu" {rPois rN+ Str+3 Dex+3}
   (You found it on level 5 of the Lair of Beasts)

   [staff of poison]

   Base accuracy: +5 Base damage: 5 Base attack delay: 1.2 This weapon's minimum
   attack delay (0.6) is reached at skill level 12.
   Str:       It affects your strength (+3).
   Dex:       It affects your dexterity (+3).
   rPois:     It protects you from poison.
   rN:        It protects you from negative energy.
   It falls into the 'Staves' category.
   It is a two-handed weapon.
 X - the staff of air "Repasyu" {rElec rF++ rCorr}
   (You found it on level 12 of the Dungeon)

   [staff of air]

   Base accuracy: +5 Base damage: 5 Base attack delay: 1.2 This weapon's minimum
   attack delay (0.6) is reached at skill level 12.
   rF:        It greatly protects you from fire.
   rElec:     It insulates you from electricity.
   rCorr:     It protects you from acid and corrosion.
   It falls into the 'Staves' category.
   It is a two-handed weapon.
Jewellery
 p - an amulet of reflection (around neck)
 q - a +4 ring of protection (left hand)
 y - a ring of fire
 z - a ring of fire
 J - a +6 ring of intelligence (right hand)
 M - a +4 ring of protection
 Q - a +6 ring of intelligence
 V - a +5 ring of evasion
Wands
 g - a wand of digging (5) {@v3}
 o - a wand of light (9)
 v - a wand of polymorph (3)
 D - a wand of roots (7)
 I - a wand of charming (3)
 S - a wand of mindburst (1)
Scrolls
 c - 4 scrolls of fog
 d - 8 scrolls of teleportation {@r3}
 e - 5 scrolls of fear
 s - 2 scrolls of magic mapping {@r5}
 w - a scroll of immolation
 B - 3 scrolls of vulnerability
 N - a scroll of poison
 O - a scroll of silence
 P - 4 scrolls of blinking {@r4}
Potions
 f - 12 potions of haste {@q4}
 h - 15 potions of curing {@q1}
 j - 3 potions of brilliance
 k - 8 potions of mutation
 m - 2 potions of might {@q3}
 n - 2 potions of heal wounds {@q2}
 r - 2 potions of attraction
 x - 3 potions of berserk rage
 F - 2 potions of resistance {@q5}
 H - 2 potions of magic
 L - a potion of ambrosia
 R - 3 potions of lignification
Miscellaneous
 Y - a lightning rod (4/4)


   Skills:
 - Level 8.0 Fighting
 - Level 14.0 Short Blades
 - Level 0.2 Ranged Weapons
 - Level 6.0 Throwing
 - Level 15.0 Dodging
 - Level 15.0 Stealth
 - Level 4.0 Shields
 - Level 4.0 Spellcasting
 - Level 3.2 Summonings
 + Level 15.0 Translocations
 - Level 7.6 Evocations


You had 6 spell levels left.
You knew the following spells:

 Your Spells              Type           Power      Damage    Failure   Level
a - Manifold Assault      Tloc           55%        N/A       1%          4
b - Dispersal             Tloc           27%        N/A       7%          6
c - Summon Forest         Summ/Tloc      18%        N/A       14%         5

Your spell library contained the following spells:

 Spells                   Type           Power      Damage    Failure   Level
 Portal Projectile        Hex/Tloc       60%        N/A       3%          3
 Magic Dart               Conj           12%        1d3       22%         1
 Shock                    Conj/Air       12%        1d3       22%         1
 Sting                    Tmut/Pois      12%        1d3       22%         1
 Poisonous Vapours        Pois/Air       6%         N/A       32%         2
 Searing Ray              Conj           6%         2d4       32%         2
 Static Discharge         Conj/Air       6%         2-3/arc   32%         2
 Dazzling Flash           Conj/Hex       6%         N/A       54%         3
 Swiftness                Air            3%         N/A       54%         3
 Tukima's Dance           Hex            3%         N/A       54%         3
 Summon Lightning Spire   Summ/Air       9%         N/A       75%         4
 Airstrike                Air            1%         2d(1-17)  91%         4
 Fulminant Prism          Conj/Hex       1%         3d5       91%         4
 Olgreb's Toxic Radiance  Pois           3%         N/A       91%         4
 Agony                    Necr           3%         N/A       99%         5
 Blade Hands              Tmut           1%         N/A       99%         5
 Iskenderun's Battlesphe  Conj           3%         2d6       99%         5
 Silence                  Hex/Air        1%         N/A       99%         5
 Eringya's Noxious Bog    Tmut/Pois      1%         N/A       100%        6
 Leda's Unmaking          Conj/Erth      1%         9d1       100%        6
 Disjunction              Tloc           27%        N/A       96%         8
 Spellforged Servitor     Conj/Summ      4%         N/A       100%        7
 Summon Hydra             Summ           7%         N/A       100%        7


Dungeon Overview and Level Annotations

Branches:
Dungeon (12/15) Zot: 26447  Temple (0/1) D:7            Lair (5/5) D:11 Zot: 25964
  Swamp (0/4) Lair:2       Spider (0/4) Lair:2        Slime (0/5) Lair:5
    Orc (2/2) D:11 Zot: 11748     Elf (0/3) Orc:2        Bailey (visited)

Altars:
Ashenzari
Dithmenos
Hepliaklqana
Okawaru
Sif Muna
Uskayaw
Wu Jian
Yredelemnul
Zin

Shops:
D:1 ?   D:4 :   D:9 *

Portals:
Abyss: D:6

Annotations:
D:10 2 transporters, SirDiesAlot's ghost, journeyman SpEn
Lair:2 exclusions: 2 orb spiders and 1 more exclusion
Lair:4 exclusion: electric eel
Orc:2 Saint Roka


Innate Abilities, Weirdness & Mutations

You are very small and have problems with some larger weapons.
You are too small for most types of armour.
You have supernaturally acute eyesight. (SInv)
You cover ground extremely quickly. (Speed+++)


Message History

Saint Roka is moderately wounded.
You spin and attack Saint Roka.
You puncture Saint Roka! You freeze Saint Roka.
Saint Roka is moderately wounded.
You spin and attack Saint Roka.
You puncture Saint Roka!
Saint Roka is moderately wounded. a +0 hand axe; a +0 leather armour You spin and attack Saint Roka.
You hit Saint Roka but do no damage.
Saint Roka is moderately wounded.
Saint Roka calls down the wrath of Beogh upon you.
Beogh smites you!
* * * LOW HITPOINT WARNING * * *
You spin and attack the wraith.
You hit the wraith but do no damage.
The wraith is moderately damaged.
You spin and attack Saint Roka.
You impale Saint Roka!! You freeze Saint Roka.
Saint Roka is heavily wounded.
You hear a shout!
You spin and attack the wraith.
You barely miss the wraith.
The wraith is moderately damaged.
You spin and attack Saint Roka.
You impale Saint Roka!! You freeze Saint Roka.
Saint Roka is severely wounded.
Saint Roka mumbles some strange prayers to Beogh against you.
Beogh smites you!
* * * LOW HITPOINT WARNING * * *
You feel much better.
You spin and attack Saint Roka.
You puncture Saint Roka! You freeze Saint Roka.
Saint Roka is severely wounded.
Something shouts, "Turn tail, thou unhinged motley-minded snackling!"
Saint Roka mumbles some strange prayers to Beogh against you.
Beogh smites you!
* * * LOW HITPOINT WARNING * * *
a +0 hand axe; a +0 leather armour You spin and attack the wraith.
You impale the wraith!! You freeze the wraith.
You destroy the wraith!
You spin and attack Saint Roka.
You hit Saint Roka. You freeze Saint Roka.
Saint Roka is severely wounded.
Items here: )) [ †.
You spin and attack Saint Roka.
You impale Saint Roka!! You freeze Saint Roka.
Saint Roka is almost dead.
Saint Roka hits you with a +3 great sword!!!
You die...

...$..#..............
...$.................
..........§☼§☼........
.........§°°°.........
......☼☼§§§§°.........
......§§☼☼§§.)..#....
#.....§§☼5§§§.§§§.....
......§§§o§§§§§☼§.....
......☼§§@§§☼☼.°......
...$..☼§§§§§§........#
......☼☼☼§☼§§°°°...#..
o......☼§☼§§☼.........
.............$.......
.....#...............
#..>.................
.....................
#.#..................


You could see Saint Roka and a white imp.

Vanquished Creatures
  Gastronok (Lair:1)
  Josephine (Orc:2)
  The ghost of pokeman the Eclecticist, a journeyman DEHW of Vehumet (D:12)
  A hydra (Lair:2)
  An ice dragon (Lair:5)
  A two-headed ogre (D:8)
  A centaur warrior (D:9)
  A merfolk avatar (Lair:5)
  A tengu warrior (D:12)
  7 death yaks
  Nergalle (Lair:1)
  4 skysharks
  A swamp dragon (Lair:4)
  2 sea snakes (Lair:5)
  Pikel (D:7)
  A harpy (Lair:5)
  An ugly thing (D:12)
  2 cyclopes
  2 manticores
  An orc sorcerer (Orc:2)
  The ghost of wolfgangpup the Cudgeller, a novice GrFi of the Shining One (D:6)
  16 elephants (Lair:5)
  8 black mambas
  11 cane toads
  5 molten gargoyles
  A smoke demon (D:6)
  A torpor snail (Lair:5)
  10 komodo dragons
  7 rime drakes
  A kobold demonologist (D:11)
  3 polar bears
  5 trolls
  2 hornets (Lair:5)
  A raiju (D:5)
  2 snapping turtles (Lair:5)
  21 blink frogs
  A dream sheep (Lair:4)
  2 shadows
  48 yaks
  6 wyverns
  3 wraiths (Orc:2)
  3 basilisks
  Eustachio (D:5)
  A steam dragon (D:7)
  2 small abominations (D:6)
  5 vampire mosquitoes
  2 wargs
  12 water moccasins
  13 orc warriors
  An ice beast (D:5)
  A black bear (D:6)
  6 wolves
  2 ogres
  3 centaurs
  A lemure (D:7)
  3 kobold brigands
  19 bullfrogs
  A gnoll sergeant (D:6)
  4 scorpions
  3 electric eels
  A howler monkey (D:4)
  A gnoll bouda (D:9)
  2 sleepcaps
  2 hounds (D:4)
  5 jellies
  9 orc priests
  3 iguanas
  17 orc wizards
  17 hell rats
  9 adders
  15 gnolls
  A shadow imp (D:8)
  3 white imps (Lair:5)
  2 ufetubi
  4 dart slugs
  62 orcs
  7 bats
  7 endoplasms
  2 giant cockroaches
  6 hobgoblins
  6 jackals
  2 quokkas (D:1)
  14 ball pythons
  7 frilled lizards
  11 goblins
  24 kobolds
  5 rats
  2 butterflies (Lair:3)
516 creatures vanquished.

Vanquished Creatures (collateral kills)
  3 dream sheep (Lair:4)
  2 gnolls (D:9)
5 creatures vanquished.

Vanquished Creatures (others)
  A two-headed ogre (D:9)
  An orc (Orc:2)
2 creatures vanquished.

Grand Total: 523 creatures vanquished

Notes
Turn   | Place    | Note
-------+----------+-------------------------------------------
     0 | D:5      | iguanaiguana the Spriggan Delver began the quest for the
                  | Orb.
     0 | D:5      | Reached XP level 1. HP: 11/11 MP: 2/2
     2 | D:6      | Noticed a small abomination
    23 | D:5      | Noticed an orc priest
   334 | D:3      | Noticed an orc wizard
   334 | D:3      | Noticed an orc priest
   625 | D:1      | Reached XP level 2. HP: 16/16 MP: 3/3
   793 | D:1      | Found a faded altar of an unknown god.
   831 | D:1      | Prayed at the altar of an unknown god.
   831 | D:1      | Became a worshipper of the Wu Jian Council
   831 | D:1      | Reached * piety under Wu Jian
   836 | D:1      | Found Nolyp's Magic Scroll Boutique.
   845 | D:1      | Bought a scroll of identify for 20 gold pieces
   846 | D:1      | Bought a scroll of teleportation for 30 gold pieces
  1392 | D:1      | Reached XP level 3. HP: 19/19 MP: 4/4
  1756 | D:2      | Reached ** piety under Wu Jian
  2227 | D:1      | Bought a scroll of identify for 20 gold pieces
  2288 | D:3      | Reached XP level 4. HP: 23/23 MP: 5/5
  2502 | D:3      | Found an iron altar of Okawaru.
  2669 | D:4      | Found Zeomu's Book Boutique.
  2885 | D:4      | Noticed an ogre
  3009 | D:4      | Reached XP level 5. HP: 17/27 MP: 6/6
  3133 | D:4      | Killed an ogre
  3134 | D:4      | Reached skill level 10 in Stealth
  3286 | D:4      | Reached XP level 6. HP: 32/32 MP: 7/7
  3304 | D:4      | Reached *** piety under Wu Jian
  4016 | D:5      | Noticed Eustachio
  4374 | D:5      | Killed Eustachio
  4374 | D:5      | Reached skill level 5 in Short Blades
  4374 | D:5      | Reached XP level 7. HP: 37/37 MP: 8/8
  4539 | D:1      | Bought 3 scrolls of enchant weapon for 225 gold pieces
  4539 | D:1      | Bought a scroll of vulnerability for 40 gold pieces
  5089 | D:6      | Found a transporter.
  5096 | D:6      | Found a transporter.
  5148 | D:6      | Reached XP level 8. HP: 36/42 MP: 9/9
  5244 | D:6      | Noticed a smoke demon
  5329 | D:6      | Found a shimmering blue altar of Sif Muna.
  5671 | D:6      | Noticed a raiju
  5968 | D:6      | Reached skill level 10 in Short Blades
  6222 | D:6      | Reached skill level 5 in Fighting
  6288 | D:6      | Reached **** piety under Wu Jian
  6289 | D:6      | Reached XP level 9. HP: 47/47 MP: 10/10
  6343 | D:7      | Reached skill level 5 in Dodging
  6390 | D:7      | Found a shadowy altar of Dithmenos.
  6621 | D:7      | Found a staircase to the Ecumenical Temple.
  7077 | D:7      | Noticed Pikel
  7103 | D:7      | Killed Pikel
  8309 | D:8      | Found a basalt altar of Yredelemnul.
  8353 | D:8      | Reached skill level 5 in Evocations
  8354 | D:8      | Found a hide-covered altar of Uskayaw.
  8356 | D:8      | Reached XP level 10. HP: 53/53 MP: 11/11
  8437 | D:9      | Noticed a two-headed ogre
  8489 | D:8      | Killed a two-headed ogre
  8644 | D:9      | Found a flagged portal.
  8660 | Bailey   | Entered a bailey
  8931 | Bailey   | Reached ***** piety under Wu Jian
  9029 | D:9      | Reached skill level 5 in Throwing
  9084 | D:9      | Noticed a two-headed ogre
  9178 | D:9      | Noticed a centaur warrior
  9187 | D:9      | Killed a centaur warrior
  9296 | D:9      | Found Zin's Purification Station.
  9300 | D:9      | Found a glowing silver altar of Zin.
  9381 | D:9      | Found a broken altar of Ashenzari.
  9416 | D:9      | Found a hazy altar of Hepliaklqana.
  9692 | D:9      | Upgraded the game from 0.31-a0-149-g3fdcc5976a to
                  | 0.31-a0-150-g89dc3ad700
  9713 | D:10     | Entered Level 10 of the Dungeon
  9939 | D:10     | Found a transporter.
  9951 | D:10     | Found a transporter.
  9955 | D:10     | Noticed SirDiesAlot's ghost (journeyman SpEn)
 10042 | D:10     | Noticed a moth of wrath
 10060 | D:10     | Noticed a manticore
 10062 | D:10     | Killed a manticore
 10115 | D:10     | Reached XP level 11. HP: 54/58 MP: 12/12
 10421 | D:10     | Noticed an eight-headed hydra
 10976 | D:11     | Found a staircase to the Lair.
 10983 | Lair:1   | Entered Level 1 of the Lair of Beasts
 11011 | Lair:1   | Noticed Nergalle
 11682 | Lair:1   | Noticed Gastronok
 11770 | Lair:1   | Killed Nergalle
 12379 | Lair:1   | Killed Gastronok
 12576 | Lair:2   | Reached skill level 10 in Dodging
 12578 | Lair:2   | Reached XP level 12. HP: 57/64 MP: 13/13
 12895 | Lair:2   | Found a hole to the Spider Nest.
 12920 | Lair:2   | Noticed a five-headed hydra
 12960 | Lair:2   | Noticed a death yak
 12961 | Lair:2   | Noticed a death yak
 12965 | Lair:2   | Noticed a death yak
 12965 | Lair:2   | Noticed a death yak
 13145 | Lair:2   | Killed a five-headed hydra
 13255 | Lair:2   | Killed a death yak
 13512 | Lair:2   | Killed a death yak
 13563 | Lair:2   | Killed a death yak
 13594 | Lair:2   | Killed a death yak
 13767 | Lair:2   | Found a staircase to the Swamp.
 14430 | Lair:3   | Noticed a death yak
 14430 | Lair:3   | Noticed a death yak
 14430 | Lair:3   | Noticed a death yak
 14432 | Lair:3   | Killed a death yak
 14433 | Lair:3   | Reached skill level 15 in Dodging
 14433 | Lair:3   | Killed a death yak
 14435 | Lair:3   | Killed a death yak
 14795 | Lair:3   | Reached ****** piety under Wu Jian
 15255 | Lair:4   | Reached XP level 13. HP: 51/68 MP: 14/14
 15486 | Lair:4   | Reached skill level 15 in Stealth
 15487 | Lair:4   | Reached skill level 1 in Translocations
 15514 | Lair:4   | Reached skill level 5 in Translocations
 15588 | Lair:4   | Learned a level 4 spell: Manifold Assault
 15621 | Lair:4   | Reached skill level 1 in Spellcasting
 15636 | Lair:5   | Entered Level 5 of the Lair of Beasts
 15763 | Lair:5   | Reached skill level 10 in Translocations
 15911 | Lair:5   | Reached XP level 14. HP: 44/73 MP: 21/21
 15953 | Lair:5   | Found a staircase to the Slime Pits.
 16071 | Lair:5   | Learned a level 6 spell: Dispersal
 16123 | Lair:5   | Learned a level 5 spell: Summon Forest
 16161 | Lair:5   | Reached skill level 1 in Summonings
 16657 | Lair:5   | Identified the staff of poison "Issizu" {rPois rN+ Str+3
                  | Dex+3}
 17227 | D:6      | Noticed wolfgangpup's ghost (novice GrFi)
 17411 | D:6      | Found a one-way gate to the infinite horrors of the Abyss.
 17513 | D:6      | Killed wolfgangpup's ghost
 17883 | D:11     | Reached skill level 1 in Shields
 18290 | D:11     | Found a staircase to the Orcish Mines.
 18816 | D:12     | Found a runed translucent door.
 18816 | D:12     | Noticed pokeman's ghost (journeyman DEHW)
 19055 | D:12     | Found the +5 Force Lance {heavy, knockback}
 19334 | D:12     | Killed pokeman's ghost
 19359 | D:12     | Identified the staff of air "Repasyu" {rElec rF++ rCorr}
 19441 | Orc:1    | Entered Level 1 of the Orcish Mines
 19794 | Orc:2    | Entered Level 2 of the Orcish Mines
 19794 | Orc:2    | Noticed Saint Roka
 19794 | Orc:2    | Found a staircase to the Elven Halls.
 19799 | Orc:2    | Noticed Josephine
 19815 | Orc:2    | Killed Josephine
 19826 | Orc:2    | Reached skill level 15 in Translocations
 19841 | Orc:2    | Slain by Saint Roka

Illustrated notes

Levels and vault maps discovered:
D:1:      dpeg_arrival_water_temple_mockup, layout_loops_corners, serial_shops,
          shop, hellmonk_ecumenical_altar_slurped_away, minmay_quantized
D:2:      layout_basic
D:3:      layout_loops_ring, okawaru_gym_becter
D:4:      layout_basic, serial_shops, nicolae_book_shop_shelving,
          minmay_splitting_lines, nicolae_half_adder
D:5:      layout_rooms, ebering_dispersal_statue_hall, uniq_eustachio
D:6:      layout_rooms, nicolae_sif_muna_condensation,
          gammafunk_ghost_abyssal_escape, serial_curves, eino_curves_02,
          eino_curves_02, eino_curves_01, eino_curves_01,
          chequers_decorated_corner, minmay_misc_feat_encased
D:7:      layout_basic, grunt_dithmenos_smoke,
          minmay_temple_entry_drinking_statues, kennysheep_generic_room_16,
          uniq_pikel
D:8:      layout_rooms, mainiacjoe_overflow_two_lobes
D:9:      layout_rooms, zin_purify, nicolae_overflow_squiral, enter_bailey_3,
          minmay_microvault
D:10:     layout_roguey, gammafunk_ghost_berserking_beasts,
          chequers_serial_rivers_micro_a
D:11:     layout_cave_pods, grunt_lair_entry_orc_guard_hut,
          minmay_orc_entry_temple_small, minivault_27, minivault_8
D:12:     hellmonk_ruined_rings, layout_gridville, gammafunk_ghost_grave
Lair:1:   layout_hall_layers, nicolae_volcano_entry_s_turn,
          nicolae_quartered_pool_super, chequers_serial_rivers_small_a,
          infiniplex_staircase_pool, uniq_gastronok, uniq_nergalle
Lair:2:   layout_chaotic_city, swamp_mist_pool,
          nicolae_spider_entry_orb_guardian, chequers_serial_rivers_small_a,
          grunt_megastairs_2, lemuel_fruit_tree
Lair:3:   layout_roguey, st_stairs_3, patterned_corridor, serial_bayou_shore_b,
          lemuel_fruit_fields
Lair:4:   layout_gridlike, serial_bayou_ford_a, grunt_forest_large_clearings
Lair:5:   gammafunk_lair_ancient_temple, layout_big_grid, slime_entry_1,
          bobbens_ice_dragon_lair
Orc:1:    layout_diamond_mine
Orc:2:    grunt_orc_tribal_feast, layout_caves, portal_ice_cave_entry_imps,
          serial_shops, nicolae_shop_bloodbath_and_beyond, elf_legates,
          uniq_josephine, uniq_saint_roka

Skill      XL: |  1  2  3  4  5  6  7  8  9 10 11 12 13 14 |
---------------+-------------------------------------------+-----
Short Blades   | 3 4 5 7 10 14 | 14.0
Dodging        | 4 9 10 15 | 15.0
Stealth        | 9 10 13 15 | 15.0
Fighting       | 4 5 6 7 8 |  8.0
Evocations     | 5 7 |  7.6
Throwing       | 6 |  6.0
Translocations | 13 15 | 15.0
Spellcasting   | 4 |  4.0
Summonings     | 3 |  3.2
Shields        | 4 |  4.0
Ranged Weapons | |  0.2

Action                     |  1- 3 |  4- 6 |  7- 9 | 10-12 | 13-15 || total
---------------------------+-------+-------+-------+-------+-------++-------
  Melee: Short sword       |   159 |   106 |       |       |       ||   265
         Punch             |     2 |     1 |     4 |     9 |    11 ||    27
         Rapier            |       |       |   168 |   395 |   825 ||  1388
         Dagger            |       |       |   188 |   350 |     6 ||   544
   Fire: Sling             |     1 |    78 |     5 |       |       ||    84
         Orcbow            |       |       |       |    14 |       ||    14
  Throw: Boomerang         |       |     5 |     9 |    16 |     1 ||    31
         Dart              |       |       |       |    54 |       ||    54
   Cast: Manifold Assault  |       |       |       |       |     5 ||     5
         Summon Forest     |       |       |       |       |     4 ||     4
         Dispersal         |       |       |       |       |     1 ||     1
 Invoke: Serpent's Lash    |       |     1 |       |     1 |       ||     2
         Heavenly Storm    |       |       |       |       |     3 ||     3
Ability: Lunge             |    16 |     5 |    18 |    69 |    60 ||   168
         Whirlwind         |     2 |       |    29 |   106 |   466 ||   603
         Wall Jump         |       |       |       |     2 |     1 ||     3
  Evoke: Wand              |       |       |     2 |    27 |     8 ||    37
    Use: Scroll            |     4 |     1 |    12 |     7 |     5 ||    29
         Potion            |       |       |       |     2 |     6 ||     8
   Stab: Sleeping          |    18 |    10 |     9 |    45 |     9 ||    91
         Distracted        |     1 |     1 |       |     1 |     4 ||     7
         Invisible         |       |       |       |     2 |     3 ||     5
 Armour: Robe              |    16 |    11 |    27 |    46 |    26 ||   126
         Troll leather arm |       |       |       |     1 |       ||     1
  Dodge: Dodged            |    83 |    64 |   157 |   412 |   371 ||  1087
  Block: Other             |    18 |    12 |    45 |    95 |    68 ||   238
         Reflection        |       |     1 |     1 |       |       ||     2
         Buckler           |       |       |       |       |    40 ||    40

Table legend: (Time is in decaauts)
 A = Elapsed time spent in this place.
 B = Non-inter-level travel time spent in this place.
 C = Inter-level travel time spent in this place.
 D = Time resting spent in this place.
 E = Time spent auto-exploring this place.
 F = Levels seen in this place.
 G = Mean time per level.
                   A        B        C        D        E       F      G
               +--------+--------+--------+--------+--------+-----+--------+
         Total |  13730 |  12838 |    892 |   1884 |   6196 |  20 |  686.5 |
       Dungeon |   9332 |   8630 |    702 |   1395 |   4356 |  12 |  777.7 |
          Lair |   3906 |   3724 |    182 |    489 |   1636 |   5 |  781.2 |
  Orcish Mines |    250 |    243 |      7 |      0 |    112 |   2 |  125.0 |
        Bailey |    240 |    240 |      0 |      0 |     90 |   1 |  240.0 |
               +--------+--------+--------+--------+--------+-----+--------+

Top non-repeatable levels by time:
     D:6: 1250 daAuts
  Lair:2: 1243 daAuts
    D:11: 1129 daAuts
     D:4: 1110 daAuts
     D:7: 1017 daAuts
  Lair:5: 995 daAuts
  Lair:1: 770 daAuts
    D:10: 767 daAuts
     D:1: 762 daAuts
  Lair:3: 664 daAuts
     D:5: 652 daAuts
     D:9: 588 daAuts
     D:8: 566 daAuts
     D:3: 535 daAuts
    D:12: 529 daAuts
